 Dungeon Crawl Stone Soup version 0.29-a0-118-g06d03a830b (webtiles) character file.

Game seed: 16621942743755600328

2044 Grim the Arsonist (level 9, -12/45 HPs)
             Began as a Deep Elf Fire Elementalist on Feb 19, 2022.
             Was an Initiate of Vehumet.
             Killed from afar by a gargoyle (26 damage)
             ... with a stone arrow
             ... on level 7 of the Dungeon.
             The game lasted 00:16:53 (6910 turns).

Grim the Arsonist (Deep Elf Fire Elementalist)      Turns: 6910, Time: 00:16:53

Health: -12/45     AC:  6    Str:  7    XL:     9   Next: 4%
Magic:  13/15      EV: 12    Int: 26    God:    Vehumet [......]
Gold:   156        SH:  0    Dex: 15    Spells: 1/14 levels left

rFire   . . .      SeeInvis +   s - +0 rapier
rCold   . . .      Faith    .   (no shield)
rNeg    + . .      Spirit   .   F - +2 robe "Kezadd" {rN+ Int+3}
rPois   .          Reflect  .   (no helmet)
rElec   .          Harm     .   H - +0 cloak
rCorr   .          Rampage  .   (no gloves)
Will    .....                   w - +0 pair of boots
Stlth   ++........              q - amulet of magic regeneration
HPRegen 0.15/turn               g - ring of see invisible
MPRegen 0.54/turn               m - +4 ring of slaying

@: no status effects
A: no striking features
a: Renounce Religion


You were on level 7 of the Dungeon.
You worshipped Vehumet.
Vehumet was noncommittal.
You visited 2 branches of the dungeon, and saw 8 of its levels.

You collected 309 gold pieces.
You spent 153 gold pieces at shops.

Inventory:

Hand Weapons
 s - a +0 rapier (weapon)
Missiles
 j - 8 poisoned darts
Armour
 u - a +2 robe
 w - a +0 pair of boots (worn)
 F - the +2 robe "Kezadd" (worn) {rN+ Int+3}
   (You bought it in a shop on level 5 of the Dungeon)

   Int:       It affects your intelligence (+3).
   rN:        It protects you from negative energy.
 H - a +0 cloak (worn)
Jewellery
 g - a ring of see invisible (left hand)
 m - a +4 ring of slaying (right hand)
 q - an amulet of magic regeneration (around neck)
 v - an amulet of faith
 G - a +4 ring of slaying
Wands
 a - a wand of iceblast (7)
Scrolls
 c - a scroll of magic mapping {unknown}
 d - 3 scrolls of teleportation {unknown}
 e - a scroll of fear {unknown}
 h - 3 scrolls of blinking {unknown}
 i - 3 scrolls of torment {unknown}
 l - 2 scrolls of fog {unknown}
 n - a scroll of noise {unknown}
 o - 2 scrolls of amnesia {unknown}
 x - 2 scrolls of immolation {unknown}
 y - a scroll of summoning {unknown}
 B - a scroll of enchant weapon {unknown}
 D - a scroll of acquirement {unknown}
Potions
 f - a potion of might
 k - a potion of haste
 p - a potion of brilliance
 r - 2 potions of lignification
 t - 3 potions of curing
 z - a potion of ambrosia
 C - a potion of heal wounds
 E - a potion of mutation {unknown}


   Skills:
 - Level 2.4 Dodging
 - Level 2.4 Stealth
 - Level 3.0 Spellcasting
 + Level 8.8 Conjurations
 - Level 3.4 Hexes
 + Level 9.7 Fire Magic


You had one spell level left.
You knew the following spells:

 Your Spells              Type           Power      Damage    Failure   Level
a - Foxfire               Conj/Fire      100%       2x1d9     1%          1
b - Scorch                Fire           100%       2d10      1%          2
c - Conjure Flame         Conj/Fire      51%        6-21      1%          3
d - Flame Wave            Conj/Fire      51%        2d10      1%          4
e - Inner Flame           Hex/Fire       38%        N/A       1%          3

Your spell library contained the following spells:

 Spells                   Type           Power      Damage    Failure   Level
 Blink                    Tloc           6%         N/A       14%         2
 Lesser Beckoning         Tloc           3%         N/A       28%         3
 Manifold Assault         Tloc           3%         N/A       95%         5


Dungeon Overview and Level Annotations

Branches:
Dungeon (7/15)             Temple (1/1) D:7

Altars:
Fedhas
Gozag
Qazlal
Ru
Uskayaw
Vehumet

Shops:
D:3 *(!?   D:4 !   D:5 [


Message History

Found a hide-covered altar of Uskayaw.
Found an opulent altar of Gozag.
Found a sacrificial altar of Ru.
Found a radiant altar of Vehumet.
Found a stormy altar of Qazlal.
There is a radiant altar of Vehumet here.
You kneel at the altar of Vehumet.
Vehumet welcomes you!
Okay, then.
Okay, then.
There is a staircase back to the Dungeon here.
There is a staircase back to the Dungeon here.
As you read the scroll of identify, it crumbles to dust.
A - 2 potions of degeneration
As you read the scroll of identify, it crumbles to dust.
C - a potion of heal wounds You drop 2 potions of degeneration {!q}.
There is a staircase back to the Dungeon here.
You can't go down here!
You climb upwards.
Welcome back to the Dungeon!
There is a staircase to the Ecumenical Temple here.
Casting: Scorch (safe; 1% risk of failure)
Confirm with . or Enter, or press ? or * to list all spells.
You conjure some foxfire!
The gargoyle hurls a stone arrow at you.
The stone arrow hits you!
Casting: Foxfire (safe; 1% risk of failure)
Confirm with . or Enter, or press ? or * to list all spells.
You conjure some foxfire!
The foxfire hits the gargoyle but does no damage. x3
Casting: Foxfire (safe; 1% risk of failure)
Confirm with . or Enter, or press ? or * to list all spells.
Flames lash the gargoyle but do no damage.
The gargoyle hurls a stone arrow at you.
The stone arrow hits you!
* * * LOW HITPOINT WARNING * * *
The gargoyle hurls a stone arrow at you.
The stone arrow hits you!!
Ouch! That really hurt!
You die...

#. .. . #. . #. . . #.
.. #.#.##....#.. #. ..
..§....#.........#.
#.##.#.##.#...#.....##
..9#........#.....#.
#...#.#.##.#.....#.
.##.#.@.#.#....+.....#.
.............#..#.....#.
#...#.#.#....#..#.†...##
#.# #.#.#.##............
. . ........#.........
..#.##.#.#.#......... ##
#....#.#........... ..
................
....#.#...#####+#..


You could see a gargoyle.

Vanquished Creatures
  Sigmund (D:6)
  Duvessa (D:4)
  A sky beast (D:6)
  2 ogres
  2 necrophages (D:6)
  A black bear (D:3)
  A centaur (D:6)
  A phantom (D:4)
  2 bullfrogs
  2 wyvern zombies
  2 scorpions
  A water moccasin zombie (D:7)
  Dowan (D:4)
  2 jellies (D:5)
  3 centaur skeletons
  An orc priest (D:4)
  7 iguanas
  Natasha (D:3)
  2 orc wizards (D:4)
  A howler monkey skeleton (D:6)
  A gnoll (D:1)
  A river rat (D:4)
  6 adders
  A white imp (D:6)
  4 ufetubi (D:6)
  A worm (D:4)
  2 dart slugs
  2 orcs
  4 ball pythons
  7 bats
  7 endoplasms
  3 giant cockroaches
  11 goblins
  4 hobgoblins
  10 jackals
  2 quokkas
  5 frilled lizards
  5 kobolds
  A quokka skeleton (D:4)
  9 rats
121 creatures vanquished.

Vanquished Creatures (others)
  250 foxfires
250 creatures vanquished.

Grand Total: 371 creatures vanquished

Notes
Turn   | Place    | Note
-------+----------+-------------------------------------------
     0 | D:1      | Grim the Deep Elf Fire Elementalist began the quest for the
                  | Orb.
     0 | D:1      | Reached XP level 1. HP: 10/10 MP: 6/6
   239 | D:1      | Reached XP level 2. HP: 15/15 MP: 4/8
   605 | D:1      | Learned a level 2 spell: Scorch
   773 | D:1      | Reached skill level 4 in Fire Magic
   826 | D:1      | Reached XP level 3. HP: 14/19 MP: 5/9
  1382 | D:1      | Found a faded altar of an unknown god.
  1912 | D:2      | Found a blossoming altar of Fedhas.
  2024 | D:2      | Reached XP level 4. HP: 24/24 MP: 6/10
  2548 | D:3      | Found Nitz's Assorted Antiques.
  2614 | D:3      | Found Rocsath's Distillery.
  2629 | D:3      | Found Peorgh's Magic Scroll Boutique.
  2700 | D:3      | Noticed Natasha
  2704 | D:3      | Killed Natasha
  2757 | D:3      | Found Fiohumis's Weapon Shoppe.
  2805 | D:3      | Noticed a black bear
  2810 | D:3      | Killed a black bear
  2811 | D:3      | Reached skill level 5 in Fire Magic
  2811 | D:3      | Reached XP level 5. HP: 28/28 MP: 6/11
  2853 | D:3      | Learned a level 3 spell: Conjure Flame
  2858 | D:3      | Learned a level 4 spell: Flame Wave
  3049 | D:3      | Found Maont's Assorted Antiques.
  3233 | D:4      | Noticed a phantom
  3350 | D:4      | Killed a phantom
  3351 | D:4      | Reached XP level 6. HP: 31/32 MP: 5/12
  3425 | D:4      | Reached skill level 5 in Conjurations
  3425 | D:4      | Reached skill level 6 in Fire Magic
  3499 | D:4      | Noticed Duvessa
  3646 | D:4      | Killed Duvessa
  3647 | D:4      | Reached XP level 7. HP: 36/36 MP: 8/13
  3647 | D:4      | Noticed Dowan
  3650 | D:4      | Killed Dowan
  3761 | D:4      | Reached skill level 7 in Fire Magic
  4024 | D:4      | Found Qaosseh's Distillery.
  4343 | D:5      | Entered Level 5 of the Dungeon
  4825 | D:5      | Found Rishazuo's Antique Armour Shoppe.
  4836 | D:5      | Bought a silken robe for 153 gold pieces
  4836 | D:5      | Identified the +2 robe "Kezadd" {rN+ Int+3} (You bought it
                  | in a shop on level 5 of the Dungeon)
  4930 | D:6      | Reached XP level 8. HP: 41/41 MP: 11/14
  4995 | D:6      | Noticed Sigmund
  5001 | D:6      | Killed Sigmund
  5002 | D:6      | Reached skill level 8 in Fire Magic
  5955 | D:6      | Reached skill level 9 in Fire Magic
  6340 | D:6      | Learned a level 3 spell: Inner Flame
  6441 | D:6      | Reached skill level 1 in Hexes
  6700 | D:7      | Reached XP level 9. HP: 37/45 MP: 8/15
  6836 | D:7      | Found a staircase to the Ecumenical Temple.
  6844 | D:7      | Noticed a gargoyle
  6846 | Temple   | Entered the Ecumenical Temple
  6878 | Temple   | Became a worshipper of Vehumet
  6910 | D:7      | Killed from afar by a gargoyle

Illustrated notes

Levels and vault maps discovered:
D:1:      dpeg_arrival_subterranean_lakeside_camping, layout_basic,
          shapermc_ecumenical_altar_mp_vishouse, st_stairs_8,
          grunt_decor_fettered
D:2:      layout_rooms, basic_altar
D:3:      layout_basic, serial_shops, shop_fountains, shop_statue, shop,
          nicolae_square_shop, nicolae_square_shop, uniq_natasha
D:4:      layout_cave_pools, serial_shops, nicolae_shop_behind_doors,
          portal_sewer_entry_b, minmay_stone_trees_medium, uniq_duvessa
D:5:      layout_basic, serial_shops, nicolae_shop_trees,
          nicolae_figureground_pulse
D:6:      layout_gridville, uniq_sigmund
D:7:      layout_gridville, minmay_temple_entry_ruins, grunt_livestock
Temple:   mainiacjoe_temple_circle_huts

Skill      XL: |  1  2  3  4  5  6  7  8 |
---------------+-------------------------+-----
Conjurations   | 2 3 4 5 7 8 |  8.8
Fire Magic     | 4 5 6 7 9 |  9.7
Hexes          | 3 |  3.4
Dodging        | |  2.4
Stealth        | |  2.4
Spellcasting   | |  3.0

Action                   |  1- 3 |  4- 6 |  7- 9 || total
-------------------------+-------+-------+-------++-------
Melee: Unarmed           |     1 |       |       ||     1
       Rapier            |       |       |    15 ||    15
 Cast: Foxfire           |    48 |    35 |    63 ||   146
       Scorch            |    14 |    24 |    53 ||    91
       Conjure Flame     |       |       |     2 ||     2
  Use: Scroll            |       |       |     8 ||     8
Armor: Robe              |     4 |     1 |    11 ||    16
Dodge: Dodged            |    26 |     4 |    29 ||    59

Table legend: (Time is in decaauts)
 A = Elapsed time spent in this place.
 B = Non-inter-level travel time spent in this place.
 C = Inter-level travel time spent in this place.
 D = Time resting spent in this place.
 E = Time spent auto-exploring this place.
 F = Levels seen in this place.
 G = Mean time per level.
                   A        B        C        D        E       F      G
               +--------+--------+--------+--------+--------+-----+--------+
         Total |   6920 |   6691 |    229 |   2031 |   3618 |   8 |  865.0 |
       Dungeon |   6862 |   6633 |    229 |   2031 |   3601 |   7 |  980.3 |
        Temple |     58 |     58 |      0 |      0 |     17 |   1 |   58.0 |
               +--------+--------+--------+--------+--------+-----+--------+

Top non-repeatable levels by time:
     D:1: 1708 daAuts
     D:6: 1524 daAuts
     D:4: 950 daAuts
     D:3: 903 daAuts
     D:2: 799 daAuts
     D:5: 768 daAuts
     D:7: 207 daAuts
  Temple: 58 daAuts
